Map: Glittering Ashes LE

Players

A.I. 1 (Harder) - Winner!

  • Race: Zerg Zerg
  • Spawn Location: 7:00

larsgj

  • Race: Terran Terran
  • Spawn Location: 1:00

VOD

Have the link to the VOD?

Description

Time

  • Played on: June 27, 2022, 12:21 p.m.
  • Length: 7:06
Show
View Real Time Build Order
Export as new Build Order

A.I. 1 (Harder) Zerg - Winner!

Build Orders: 1 Base Baneling Bust, Pool First 

Get SALT Encoding   

  12  0:00  Drone  
  13  0:12  Overlord  
  13  0:16  Drone  
  14  0:30  Drone  
  14  0:31  Drone  
  16  0:42  Spawning Pool  
  15  0:45  Drone  
  15  0:48  Drone  
  17  0:51  Extractor  
  17  0:55  Drone  
  17  1:06  Overlord  
  17  1:28  Queen  
  17  1:31  Zergling x2  
  20  1:35  Roach Warren  
  20  1:38  Drone x2  
  21  1:40  Extractor  
  20  1:49  Zergling x2  
  21  2:00  Drone  
  22  2:10  Overlord  
  22  2:21  Drone  
  23  2:32  Roach  
  23  2:35  Drone  
  26  2:40  Overlord  
  26  2:41  Roach  
  28  2:49  Roach  
  30  2:58  Roach  
  32  3:06  Roach  
  32  3:10  Overlord  
  34  3:15  Roach  
  36  3:23  Roach  
  38  3:32  Roach  
  40  3:35  Overlord  
  40  3:41  Roach  
  42  3:49  Roach  
  42  3:50  Drone  
  42  3:54  Drone  
  46  4:00  Drone  
  47  4:10  Baneling Nest  
  47  4:11  Roach, Drone  
  47  4:12  Drone  
  50  4:18  Overlord  
  50  4:22  Drone  
  51  4:32  Evolution Chamber  
  51  4:33  Drone  
  51  4:42  Roach, Drone  
  54  4:51  Roach  
  56  4:59  Roach  
  58  6:11  Overlord  
  58  6:18  Hatchery  
  57  6:39  Spore Crawler  
  56  6:44  Drone, Spore Crawler  
Show
View Real Time Build Order
Export as new Build Order

larsgj Terran 

Build Orders:  

Get SALT Encoding   

  12  0:00  SCV  
  13  0:15  Supply Depot  
  13  0:19  SCV  
  14  0:31  SCV  
  15  0:40  Barracks  
  15  0:44  SCV  
  16  0:56  SCV  
  17  1:08  SCV  
  18  1:15  Barracks  
  18  1:20  SCV  
  19  1:28  Marine  
  20  1:33  SCV  
  20  1:34  Supply Depot  
  21  1:45  SCV  
  21  1:46  Marine  
  23  1:57  SCV  
  24  2:04  Marine  
  25  2:09  SCV  
  26  2:16  Command Center  
  26  2:17  Marine  
  26  2:21  SCV  
  26  2:22  Marine  
  29  2:31  Engineering Bay  
  29  2:33  SCV  
  29  2:35  Marine  
  31  2:45  Supply Depot  
  31  3:05  Refinery x2  
  31  3:06  Marine x2  
  31  3:07  Supply Depot  
  33  3:18  Refinery  
  33  3:21  Refinery  
  33  3:24  Marine, SCV  
  35  3:31  Supply Depot  
  35  3:36  SCV  
  35  3:40  SCV  
  37  3:48  SCV  
  37  3:52  SCV  
  39  4:00  SCV, Supply Depot  
  40  4:04  SCV  
  41  4:12  SCV  
  41  4:16  Marine x2, SCV  
  45  4:24  Bunker  
  45  4:28  SCV  
  46  4:32  Terran Infantry Weapons Level 1  
  46  4:37  Barracks Tech Lab  
  46  4:39  Barracks Reactor  
  46  4:41  SCV  
  47  4:56  Bunker  
  47  5:05  Combat Shield, Factory  
  47  5:15  SCV  
  48  5:25  Missile Turret  
  48  5:27  SCV  
  49  5:39  SCV  
  50  5:46  Missile Turret  
  50  5:51  SCV  
  51  5:57  Starport  
  51  6:03  SCV  
  52  6:08  Armory  
  52  6:20  Missile Turret  
  52  6:34  Starport  
  52  6:37  Marine  
  52  6:38  Marine x2  
  55  6:42  Missile Turret  
  52  7:03  Missile Turret  
Tags
 
Add a new tag
Caveats
  • Supply blocks, unpowered buildings, or Contaminate may cause inaccurate times.
  • Supply counts are checked every 10 seconds.